 Dungeon Crawl Stone Soup version 0.27.1-34-g3ba077fa99 (webtiles) character file.

Game seed: 14480542108870862047

101 cbfl8 the Sneak (level 4, 0/40 HPs)
             Began as a Minotaur Delver on Jan 16, 2022.
             Slain by a gnoll (11 damage)
             ... on level 3 of the Dungeon on Jan 17, 2022.
             The game lasted 00:06:59 (3153 turns).

cbfl8 the Sneak (Minotaur Delver)                   Turns: 3153, Time: 00:07:00

Health: 0/40       AC: 12    Str: 17    XL:     4   Next: 48%
Magic:  3/3        EV: 11    Int:  8    God:
Gold:   82         SH:  0    Dex: 11    Spells: 3/3 levels left

rFire    + . .     SeeInvis .   h - +2 falchion (protect)
rCold    + . .     Faith    .   (no shield)
rNeg     . . .     Spirit   .   j - +0 ring mail
rPois    +         Reflect  .   (helmet restricted)
rElec    +         Harm     .   (no cloak)
rCorr    +         Rampage  .   (no gloves)
Will     .....                  (no boots)
Stlth    +.........             (no amulet)
HPRegen  0.13/turn              (no ring)
MPRegen  0.08/turn              (no ring)

@: resistant, under a protective aura, very slow
A: horns 2, retaliatory headbutt
a: no special abilities


You were on level 3 of the Dungeon.
You visited 1 branch of the dungeon, and saw 5 of its levels.

You collected 106 gold pieces.
You spent 24 gold pieces at shops.

Inventory:

Hand Weapons
 a - a +0 hand axe
 h - a +2 falchion of protection (weapon)
Armour
 b - a +0 leather armour
 j - a +0 ring mail (worn)
 u - a +0 barding
Wands
 g - a wand of digging (3)
Scrolls
 d - a scroll of magic mapping
 e - a scroll of fear
 f - a scroll of holy word {unknown}
 i - a scroll of summoning {unknown}
 k - 6 scrolls of identify
 l - a scroll of immolation
 r - a scroll of teleportation {unknown}
 s - a scroll of enchant weapon {unknown}
Potions
 m - 2 potions of degeneration {unknown}
 o - a potion of might {unknown}
 p - a potion of berserk rage {unknown}
 q - a potion of curing {unknown}
Miscellaneous
 n - a phial of floods


   Skills:
 + Level 4.0 Fighting
 + Level 1.8 Long Blades
 + Level 2.5 Axes
 + Level 1.9 Armour
 + Level 2.5 Dodging
 + Level 4.9 Stealth


You had 3 spell levels left.
You didn't know any spells.
Your spell library contained the following spells:

 Spells                   Type           Power      Damage    Failure   Level
 Stone Arrow              Conj/Erth      0%         3d7       93%         3
 Bolt of Magma            Conj/Fire/Erth 0%         4d4       100%        5
 Shatter                  Erth           0%         3d5*      100%        9


Dungeon Overview and Level Annotations

Branches:
Dungeon (5/15)
 Temple: D:4-7

Altars:

Shops:
D:2 *


Innate Abilities, Weirdness & Mutations

You have a pair of horns on your head.
You reflexively headbutt those who attack you in melee.


Message History

The gnoll hits you with a +0 halberd. The gnoll barely misses you.
You furiously retaliate!
You headbutt the gnoll! You hit the gnoll.
Your weapon exudes an aura of protection.
You headbutt the gnoll.
The gnoll is moderately wounded.
The gnoll closely misses you.
The gnoll hits you from afar with a +0 halberd.
The gnoll hits you but does no damage.
The gnoll splashes around in the water.
It was a potion of resistance.
You feel protected. The gnoll closely misses you. The gnoll barely misses you.
The gnoll hits you but does no damage. The gnoll barely misses you.
As you read the scroll of fog, it crumbles to dust.
The scroll dissolves into smoke.
The gnoll closely misses you. The gnoll misses you.
The gnoll closely misses you.
You riposte.
Your unstable footing causes you to fumble your attack.
The gnoll hits you with a +0 spear.
As you read the scroll labelled VUMECA EBOKKE, it crumbles to dust.
It is a scroll of identify.
l - a scroll of immolation The gnoll hits you from afar with a +0 halberd!
The gnoll closely misses you. You furiously retaliate!
You headbutt the gnoll.
The gnoll splashes around in the water.
The gnoll barely misses you.
You riposte.
Your unstable footing causes you to fumble your attack.
You closely miss the gnoll.
The gnoll is moderately wounded.
The gnoll barely misses you. The gnoll closely misses you.
The gnoll hits you with a +0 whip. The gnoll misses you.
You slash the gnoll!
Your weapon exudes an aura of protection.
You kill the gnoll!
You hear a splash.
The gnoll barely misses you. The gnoll hits you with a +0 halberd!
* * * LOW HITPOINT WARNING * * *
The gnoll closely misses you.
You riposte.
Your unstable footing causes you to fumble your attack.
The gnoll hits you from afar with a +0 halberd!
You die...

..........#♣..♣.≈≈♣.♣♣..#.#.# #
.....###.#♣♣♣♣♣♣≈P♣♣♣♣♣.#.#.# #
.....# #..≈≈♣♣..≈≈≈≈♣♣♣.#.#.# #
.....# ##..≈..≈≈≈≈≈≈≈≈..#.#.### #
.....####.≈♣≈♣♣≈..≈≈≈♣♣.......###
..........♣♣♣♣♣P≈♣♣♣♣♣♣..........
....≈♣####..♣♣♣♣§♣♣ #.........###
....≈≈# ###..♣♣♣§g♣ #............
≈≈..≈♣♣##.#..#♣§@♣♣ #.........###
P≈≈.≈≈♣♣......♣g§P♣ #.######.....
≈≈...≈≈♣♣.....#§g##.#.# #.####
≈....≈≈≈♣♣...[....#.#.# #.#
≈....≈≈≈♣♣....#.....#.# #.#
≈P..≈≈≈♣♣♣..........#.# #.#
≈≈...≈≈≈♣♣..........#.# #.#
≈≈....≈≈♣♣.......####.######.#
≈≈....≈≈♣....................#


You could see 3 gnolls.

Vanquished Creatures
  An orc wizard (D:3)
  A gnoll (D:3)
  2 adders
  A worm (D:3)
  A dart slug (D:1)
  6 orcs (D:3)
  2 endoplasms (D:2)
  A giant cockroach (D:1)
  3 goblins (D:1)
  3 hobgoblins
  4 quokkas
  4 ball pythons
  14 bats
  3 kobolds
  4 rats
50 creatures vanquished.

Vanquished Creatures (others)
  52 plants (D:3)
52 creatures vanquished.

Grand Total: 102 creatures vanquished

Notes
Turn   | Place    | Note
-------+----------+-------------------------------------------
     0 | D:5      | cbfl8 the Minotaur Delver began the quest for the Orb.
     0 | D:5      | Reached XP level 1. HP: 19/19 MP: 0/0
    25 | D:4      | Reached XP level 2. HP: 23/27 MP: 1/1
   766 | D:3      | Reached XP level 3. HP: 24/33 MP: 2/2
  1222 | D:1      | Reached skill level 1 in Armour
  1515 | D:1      | Reached skill level 1 in Long Blades
  1694 | D:1      | Found a faded altar of an unknown god.
  2633 | D:2      | Found Vatav's Assorted Antiques.
  2642 | D:2      | Bought a murky red potion for 24 gold pieces
  2699 | D:3      | Reached XP level 4. HP: 33/40 MP: 3/3
  3153 | D:3      | Slain by a gnoll

Illustrated notes

Levels and vault maps discovered:
D:1:      saegor_arrival_simple_c, layout_loops_ring,
          dreamdust_ecumenical_altar_hidden_monk_grotto
D:2:      layout_loops_ring, serial_shops, shop, kennysheep_minor_cross
D:3:      layout_basic, serial_bayou, serial_bayou_crossing,
          serial_bayou_ford_a, serial_bayou_pond_e, serial_bayou_lagoon_a,
          serial_bayou_shore_b, roderic_batcave, minmay_checkerbox
D:4:      layout_gridville, chequers_mini_garden, serial_park_tiny_2,
          uniq_natasha
D:5:      layout_rooms, marbit_many_paths

Skill      XL: |  1  2  3 |
---------------+----------+-----
Armour         | 1 |  1.9
Long Blades    | 1 |  1.8
Fighting       | 4 |  4.0
Axes           | |  2.5
Dodging        | |  2.5
Stealth        | |  4.9

Action                   |  1- 3 |  4- 6 || total
-------------------------+-------+-------++-------
Melee: Falchion          |    72 |    38 ||   110
       Headbutt          |    18 |     7 ||    25
  Use: Potion            |     1 |     1 ||     2
       Scroll            |       |     2 ||     2
 Stab: Sleeping          |     7 |       ||     7
Armor: Leather armour    |     1 |       ||     1
       Ring mail         |    41 |    15 ||    56
Dodge: Dodged            |    75 |    26 ||   101
       Rpst.: Falchion   |    14 |     4 ||    18
